 Dungeon Crawl Stone Soup version 0.29.1-12-g30fa7ad0bf (webtiles) character file.

Game seed: 7012156609333311151

185 Radix the Digger (level 5, -3/28 HPs)
             Began as a Gargoyle Earth Elementalist on Dec 31, 2022.
             Killed from afar by an orc wizard (12 damage)
             ... with a puff of flame
             ... on level 3 of the Dungeon.
             The game lasted 00:13:01 (2048 turns).

Radix the Digger (Gargoyle Earth Elementalist)      Turns: 2048, Time: 00:13:01

Health: -3/28      AC:  6    Str: 11    XL:     5   Next: 64%
Magic:  6/10       EV: 11    Int: 18    God:
Gold:   133        SH:  8    Dex: 10    Spells: 7/11 levels left

rFire   . . .      SeeInvis .   q - +1 dagger (freeze)
rCold   . . .      Faith    .   s - +0 buckler
rNeg    + . .      Spirit   .   a - +0 robe
rPois   ∞          Reflect  +   (no helmet)
rElec   +          Harm     .   (no cloak)
rCorr   .          Rampage  .   (no gloves)
Will    +....                   (no boots)
Stlth   ++........              u - amulet of reflection
HPRegen 0.09/turn               j - ring of willpower
MPRegen 0.12/turn               (no ring)

@: flying
A: sickness immunity, AC +4, negative energy resistance 1, electricity
resistance, torment resistance 1, petrification resistance
a: no special abilities


You were on level 3 of the Dungeon.
You visited 1 branch of the dungeon, and saw 3 of its levels.

You collected 133 gold pieces.

Inventory:

Hand Weapons
 c - a +0 dagger
 d - a +0 spear
 q - a +1 dagger of freezing (weapon)
Missiles
 m - a throwing net
Armour
 a - a +0 robe (worn)
 s - a +0 buckler (worn)
Jewellery
 j - a ring of willpower (left hand)
 u - an amulet of reflection (around neck)
Scrolls
 f - a scroll of torment {unknown}
 h - a scroll of brand weapon {unknown}
 i - 4 scrolls of blinking {unknown}
 k - 2 scrolls of identify {unknown}
 l - 3 scrolls of teleportation {unknown}
 n - a scroll of enchant weapon {unknown}
 p - 4 scrolls of enchant armour {unknown}
 r - a scroll of poison {unknown}
Potions
 b - a potion of magic
 e - a potion of invisibility {unknown}
 g - a potion of attraction {unknown}
 o - a potion of flight
 t - a potion of curing


   Skills:
 - Level 1.5 Dodging
 - Level 2.1 Stealth
 + Level 3.7 Spellcasting
 + Level 1.8 Conjurations
 - Level 0.7 Transmutations
 + Level 5.5 Earth Magic


You had 7 spell levels left.
You knew the following spells:

 Your Spells              Type           Power      Damage    Failure   Level
a - Sandblast             Erth           46%        2d11      2%          1
b - Stone Arrow           Conj/Erth      32%        3d9       14%         3

Your spell library contained the following spells:

 Spells                   Type           Power      Damage    Failure   Level
 Passwall                 Tmut/Erth      11%        N/A       9%          2
 Beastly Appendage        Tmut           10%        N/A       16%         1
 Static Discharge         Conj/Air       6%         3-4/arc   22%         2
 Wereblood                Tmut           5%         N/A       24%         2
 Spider Form              Tmut/Pois      4%         N/A       47%         3
 Petrify                  Tmut/Erth      14%        N/A       50%         4
 Lightning Bolt           Conj/Air       3%         1d14      98%         5
 Maxwell's Capacitive Co  Air            1%         ∞         100%        8


Dungeon Overview and Level Annotations

Branches:
Dungeon (3/15)

Altars:


Innate Abilities, Weirdness & Mutations

You are immune to sickness and miasma.
Your stone body is resilient. (AC +4)
You are immune to poison.
You resist negative energy. (rN+)
You are resistant to electric shocks. (rElec)
You are resistant to unholy torment.
You are immune to petrification.


Message History

Press: ? - help, Q - select action, (/) - cycle Shift-Dir - straight line, f/p - orc
Aim: an orc, wielding a +0 short sword (83% to hit)
The blast of sand hits the orc!
You kill the orc!
You hear some strange, mumbled words.
A magic dart appears from out of thin air!
The magic dart hits you.
Aiming: Sandblast (safe; 2% risk of failure)
Press: ? - help, Q - select action, (/) - cycle Shift-Dir - straight line, f - orc
Aim: an orc, wielding a +0 flail (83% to hit)
The blast of sand hits the orc!
You kill the orc!
You hear some strange, mumbled words.
A magic dart appears from out of thin air!
The magic dart hits you. Something hits you but does no damage.
You hit something but do no damage. Something hits you but does no damage.
You hit something but do no damage.
You hear some strange, mumbled words.
A magic dart appears from out of thin air!
The magic dart hits you but does no damage.
You barely miss something.
You hear some strange, mumbled words.
A magic dart appears from out of thin air!
The magic dart hits you!
* * * LOW HITPOINT WARNING * * *
It was a potion of flight.
You feel very buoyant.
You fly up into the air.
Something hits you but does no damage.
It was a potion of curing.
You feel better. You block something's attack.
You hit something but do no damage. You block something's attack.
You closely miss something. Something hits you but does no damage.
You hit something but do no damage.
You hear some strange, mumbled words.
Something tries to affect you, but you resist.
You miss something. Something hits you.
You miss something.
You hear some strange, mumbled words.
A puff of flame appears from out of thin air!
The puff of flame hits you!
You die...

##≈.≈####....#.##.
#P.P# ######....
##.####### #####
#.######........
#.........#####.
#.#.####..#
####..#
##.#.#.....#
........@{).#
####.....)......
#.......###...
#.......# ##
#.......#
#......[#
#.....$.#
#########


There were no monsters in sight!

Vanquished Creatures
  A jelly (D:3)
  3 adders
  6 gnolls
  2 dart slugs (D:3)
  5 orcs (D:3)
  2 bats
  4 endoplasms
  4 giant cockroaches
  5 goblins
  6 hobgoblins
  4 jackals (D:2)
  4 kobolds
  2 quokkas
  5 ball pythons
  4 frilled lizards
  5 rats (D:2)
62 creatures vanquished.

Vanquished Creatures (others)
  A fungus (D:1)
  5 plants (D:1)
6 creatures vanquished.

Grand Total: 68 creatures vanquished

Notes
Turn   | Place    | Note
-------+----------+-------------------------------------------
     0 | D:1      | Radix the Gargoyle Earth Elementalist began the quest for
                  | the Orb.
     0 | D:1      | Reached XP level 1. HP: 10/10 MP: 3/3
   219 | D:1      | Reached skill level 4 in Earth Magic
   219 | D:1      | Reached XP level 2. HP: 15/15 MP: 1/5
   412 | D:1      | Reached XP level 3. HP: 19/19 MP: 4/7
   576 | D:1      | Found a faded altar of an unknown god.
   826 | D:2      | Reached XP level 4. HP: 24/24 MP: 1/8
   922 | D:2      | Reached skill level 5 in Earth Magic
   928 | D:2      | Learned a level 3 spell: Stone Arrow
  1704 | D:3      | Reached skill level 1 in Conjurations
  1704 | D:3      | Reached XP level 5. HP: 28/28 MP: 7/10
  2048 | D:3      | Killed from afar by an orc wizard

Illustrated notes

Levels and vault maps discovered:
D:1:      lightli_arrival_quake, layout_rooms,
          shapermc_ecumenical_altar_mp_urbaneastern, serial_bayou_pond_e,
          hangedman_decor_diamond_cutter
D:2:      layout_loops_cross
D:3:      minmay_diamond_boxcup, layout_loops_cross,
          nicolae_overflow_ecumenical_swirl, serial_bayou_ford_a,
          dreamdust_princess_bridge

Skill      XL: |  1  2  3  4 |
---------------+-------------+-----
Earth Magic    | 4 5 |  5.5
Spellcasting   | 3 |  3.7
Conjurations   | 1 |  1.8
Dodging        | |  1.5
Stealth        | |  2.1
Transmutations | |  0.7

Action                   |  1- 3 |  4- 6 || total
-------------------------+-------+-------++-------
Melee: Unarmed           |     4 |       ||     4
       Spear             |    11 |     5 ||    16
       Dagger            |       |    33 ||    33
 Cast: Sandblast         |    33 |    36 ||    69
  Use: Potion            |       |     2 ||     2
 Stab: Distracted        |       |     1 ||     1
       Sleeping          |       |     1 ||     1
Armor: Robe              |     9 |    15 ||    24
Dodge: Dodged            |    11 |    18 ||    29
Block: Buckler           |       |     5 ||     5
       Reflection        |       |     1 ||     1
